 Dungeon Crawl Stone Soup version 0.28.0-53-g5a82cb258f (webtiles) character file.

Game seed: 15003001398785766853

102 bnorton916 the Magician (level 4, 0/24 HPs)
             Began as a Deep Elf Fire Elementalist on July 16, 2022.
             Slain by Sigmund
             ... wielding a +0 scythe
              (11 damage)
             ... on level 2 of the Dungeon.
             The game lasted 00:01:32 (2206 turns).

bnorton916 the Magician (DEFE)                      Turns: 2206, Time: 00:01:32

Health: 0/24       AC:  2    Str:  5    XL:     4   Next: 50%
Magic:  12/12      EV: 12    Int: 22    God:
Gold:   33         SH:  0    Dex: 15    Spells: 8/11 levels left

rFire   . . .      SeeInvis .   (no weapon)
rCold   . . .      Faith    .   (no shield)
rNeg    . . .      Spirit   .   a - +0 robe
rPois   .          Reflect  .   (no helmet)
rElec   .          Harm     .   (no cloak)
rCorr   .          Rampage  .   (no gloves)
Will    .....                   (no boots)
Stlth   ++........              (no amulet)
HPRegen 0.08/turn               (no ring)
MPRegen 0.13/turn               (no ring)

@: attractive, hasted, very quick
A: MP-powered wands
a: no special abilities


You were on level 2 of the Dungeon.
You visited 1 branch of the dungeon, and saw 2 of its levels.

You collected 33 gold pieces.

Inventory:

Missiles
 c - 65 stones
Armour
 a - a +0 robe (worn)
Jewellery
 f - a ring of wizardry
Potions
 b - a potion of mutation
 e - a potion of resistance {unknown}
 g - a potion of attraction


   Skills:
 - Level 2.4 Dodging
 - Level 2.4 Stealth
 + Level 4.4 Spellcasting
 + Level 2.9 Conjurations
 + Level 4.3 Fire Magic


You had 8 spell levels left.
You knew the following spells:

 Your Spells              Type           Power      Damage    Failure   Level
a - Foxfire               Conj/Fire      80%        2x1d8     2%          1
b - Scorch                Fire           46%        2d7       2%          2

Your spell library contained the following spells:

 Spells                   Type           Power      Damage    Failure   Level
 Conjure Flame            Conj/Fire      20%        6-21      8%          3
 Inner Flame              Hex/Fire       14%        N/A       13%         3
 Flame Wave               Conj/Fire      20%        2d7       24%         4


Dungeon Overview and Level Annotations

Branches:
Dungeon (2/15)

Altars:

Annotations:
D:2 Sigmund


Innate Abilities, Weirdness & Mutations

You expend magic power (3 MP) to strengthen your wands.


Message History

Casting: Foxfire (safe; 2% risk of failure)
Confirm with . or Enter, or press ? or * to list all spells.
You conjure some foxfire!
Your foxfire dissipates!
Casting: Foxfire (safe; 2% risk of failure)
Confirm with . or Enter, or press ? or * to list all spells.
You conjure some foxfire!
Your foxfire dissipates!
Your foxfire dissipates! x2
Sigmund the Dreaded comes into view.
He is wielding a +0 scythe and wearing a +1 robe of cold resistance.
Sigmund shouts!
Sigmund is nearby!
Sigmund is nearby!
Sigmund is nearby!
Sigmund casts a spell at you.
You are confused.
You bump into the rock wall.
Sigmund points at you and mumbles some strange words.
The puff of flame misses you.
You bump into the rock wall.
You're too confused to move!
It was a potion of mutation.
You feel extremely strange.
You feel agile.
You feel your magical essence link to the dungeon's wands.
You feel clumsy. Sigmund closely misses you.
It was a potion of attraction.
You feel attractive to monsters.
You feel less confused.
Sigmund hits you from afar with a +0 scythe.
Sigmund is attracted toward you.
It was a potion of haste.
You feel yourself speed up. Sigmund barely misses you.
Sigmund is attracted toward you. Sigmund is attracted toward you.
Sigmund hits you from afar with a +0 scythe!
Sigmund is attracted toward you. Sigmund is attracted toward you.
Sigmund closely misses you. Sigmund is attracted toward you.
Sigmund is attracted toward you.
Sigmund hits you from afar with a +0 scythe!
You die...

#. #.# #.##.############.#
#.........§§§§..#.#
..##.#########§...########
#. #.§.......... #@
#..§.######## #. ####@#
#.############.#
#.......<....@.#
################


You could see Sigmund.

Vanquished Creatures
  Natasha (thrice) (D:1)
  A dart slug (D:1)
  A ball python (D:1)
  3 endoplasms (D:1)
  2 giant cockroaches (D:1)
  2 goblins (D:1)
  2 hobgoblins (D:1)
  2 jackals (D:1)
  A quokka (D:1)
  3 bats (D:1)
  3 frilled lizards
  3 kobolds (D:1)
  A rat (D:1)
27 creatures vanquished.

Vanquished Creatures (others)
  135 foxfires
135 creatures vanquished.

Grand Total: 162 creatures vanquished

Notes
Turn   | Place    | Note
-------+----------+-------------------------------------------
     0 | D:1      | bnorton916 the Deep Elf Fire Elementalist began the quest
                  | for the Orb.
     0 | D:1      | Reached XP level 1. HP: 10/10 MP: 6/6
   165 | D:1      | Found a faded altar of an unknown god.
   316 | D:1      | Reached XP level 2. HP: 15/15 MP: 5/8
  1670 | D:1      | Reached XP level 3. HP: 19/19 MP: 7/10
  1754 | D:2      | Noticed Natasha
  1770 | D:1      | Killed Natasha
  2049 | D:1      | Noticed Natasha
  2058 | D:1      | Killed Natasha
  2059 | D:1      | Reached XP level 4. HP: 17/24 MP: 8/12
  2062 | D:1      | Learned a level 2 spell: Scorch
  2063 | D:1      | Noticed Natasha
  2068 | D:1      | Killed Natasha
  2186 | D:2      | Noticed Sigmund
  2197 | D:2      | Gained mutation: You are agile. (Dex +2) [potion of
                  | mutation]
  2197 | D:2      | Gained mutation: You expend magic power (3 MP) to
                  | strengthen your wands. [potion of mutation]
  2197 | D:2      | Lost mutation: You are agile. (Dex +2) [potion of mutation]
  2206 | D:2      | Slain by Sigmund

Illustrated notes

Levels and vault maps discovered:
D:1:      moated_graveyard_arrival, layout_basic,
          nicolae_ecumenical_snake_handling
D:2:      layout_loops_ring, serial_shops, nicolae_shop_trees, uniq_natasha,
          uniq_sigmund

Skill      XL: |  1  2  3 |
---------------+----------+-----
Conjurations   | 2 |  2.9
Spellcasting   | 4 |  4.4
Fire Magic     | 4 |  4.3
Dodging        | |  2.4
Stealth        | |  2.4

Action                   |  1- 3 |  4- 6 || total
-------------------------+-------+-------++-------
 Cast: Foxfire           |    80 |     5 ||    85
       Scorch            |       |     1 ||     1
  Use: Potion            |       |     3 ||     3
Armor: Robe              |     8 |       ||     8
Dodge: Dodged            |    18 |     4 ||    22
